3A
GRIM REAPERS @ CAPE CORAL REEFERS
06/30/2038
 
TOP OF THE 1ST
Grim Reapers batting - Pitching for Cape Coral Reefers : RHP Ken Richmond
Pitching: RHP Ken Richmond
Batting: LHB Lorenzo Ortíz 0-0: Called Strike
0-1: Foul Ball, location: 2F
0-2: Fly out, F7 (Line Drive, 7D, EV 91.2 MPH)
Batting: RHB Hayes Rutherford 0-0: Called Strike
0-1: Swinging Strike
0-2: Ball
1-2: Strikes out looking
Batting: RHB Lonnie Doble 0-0: Fly out, F7 (Line Drive, 7, EV 93.8 MPH)
Top of the 1st over - 0 runs, 0 hits, 0 errors, 0 left on base; Grim 0 - Cape Coral 0
BOTTOM OF THE 1ST
Cape Coral Reefers batting - Pitching for Grim Reapers : RHP Alberto López
Pitching: RHP Alberto López
Batting: LHB Pat Carter 0-0: Called Strike
0-1: Ball
1-1: Swinging Strike
1-2: Strikes out swinging
Batting: LHB Pedro Guerrero 0-0: Swinging Strike
0-1: Foul Ball, location: 2F
0-2: Ball
1-2: Strikes out swinging
Batting: RHB Tom Camden 0-0: Fly out, F9 (Flyball, 9S, EV 90.6 MPH)
Bottom of the 1st over - 0 runs, 0 hits, 0 errors, 0 left on base; Grim 0 - Cape Coral 0
TOP OF THE 2ND
Grim Reapers batting - Pitching for Cape Coral Reefers : RHP Ken Richmond
Batting: SHB Fernando Urby 0-0: Swinging Strike
0-1: Swinging Strike
0-2: Strikes out looking
Batting: LHB Lonnie Baker 0-0: Called Strike
0-1: Ball
1-1: Ball
2-1: Ball
3-1: Base on Balls
Batting: SHB Tekkan Hayagawa 0-0: Called Strike
0-1: Fly out, F9 (Flyball, 9LS, EV 86.2 MPH)
Batting: RHB Alfred Coleman 0-0: Foul Ball, location: 2F
0-1: Swinging Strike
0-2: Ball
1-2: Foul Ball, location: 2F
1-2: Strikes out swinging
Top of the 2nd over - 0 runs, 0 hits, 0 errors, 1 left on base; Grim 0 - Cape Coral 0
BOTTOM OF THE 2ND
Cape Coral Reefers batting - Pitching for Grim Reapers : RHP Alberto López
Batting: LHB Danny Rodríguez 0-0: Ball
1-0: Ball
2-0: Called Strike
2-1: Ball
3-1: Base on Balls
Batting: RHB Dima Tabakaev 0-0: Ball
1-0: Swinging Strike
1-1: Called Strike
1-2: Fly out, F7 (Flyball, 8LS, EV 85.0 MPH)
Batting: RHB Axel Ruschmeyer 0-0: Swinging Strike
0-1: Swinging Strike
0-2: Ball
1-2: Fly out, F8 (Flyball, 8LM, EV 78.8 MPH)
Batting: RHB Woong Byeon 0-0: Ball
1-0: Ground out U3 (Groundball, 3, EV 80.6 MPH)
Bottom of the 2nd over - 0 runs, 0 hits, 0 errors, 1 left on base; Grim 0 - Cape Coral 0
TOP OF THE 3RD
Grim Reapers batting - Pitching for Cape Coral Reefers : RHP Ken Richmond
Batting: RHB Adrián Sánchez 0-0: Swinging Strike
0-1: Foul Ball, location: 2F
0-2: Ball
1-2: Ball
2-2: Strikes out looking
Batting: RHB Cristo Mercado 0-0: Ball
1-0: Called Strike
1-1: Called Strike
1-2: Ball
2-2: Ground out 4-3 (Groundball, 4, EV 85.6 MPH)
Batting: LHB Lorenzo Ortíz 0-0: Called Strike
0-1: Foul Ball, location: 2F
0-2: Foul Ball, location: 2F
0-2: Ball
1-2: Strikes out swinging
Top of the 3rd over - 0 runs, 0 hits, 0 errors, 0 left on base; Grim 0 - Cape Coral 0
BOTTOM OF THE 3RD
Cape Coral Reefers batting - Pitching for Grim Reapers : RHP Alberto López
Batting: LHB Fernando Negrete 0-0: Called Strike
0-1: Ball
1-1: Ball
2-1: Foul Ball, location: 2F
2-2: Foul Ball, location: 2F
2-2: Ball
3-2: Ground out 4-3 (Groundball, 4, EV 93.1 MPH)
Batting: RHB Dave Hill 0-0: Ball
1-0: Ball
2-0: Ground out 6-3 (Groundball, 6M, EV 109.4 MPH)
Batting: LHB Pat Carter 0-0: Called Strike
0-1: Ground out 5-3 (Groundball, 56, EV 84.4 MPH)
Bottom of the 3rd over - 0 runs, 0 hits, 0 errors, 0 left on base; Grim 0 - Cape Coral 0
TOP OF THE 4TH
Grim Reapers batting - Pitching for Cape Coral Reefers : RHP Ken Richmond
Batting: RHB Hayes Rutherford 0-0: Called Strike
0-1: Ball
1-1: Foul Ball, location: 2F
1-2: Ball
2-2: Fly out, F9 (Flyball, 9D, EV 91.9 MPH)
Batting: RHB Lonnie Doble 0-0: Swinging Strike
0-1: Foul Ball, location: 2F
0-2: Ball
1-2: Ground out 6-3 (Groundball, 6S, EV 66.2 MPH)
Batting: SHB Fernando Urby 0-0: Swinging Strike
0-1: Ball
1-1: Ball
2-1: Fly out, F6 (Popup, 6MD, EV 73.1 MPH)
Top of the 4th over - 0 runs, 0 hits, 0 errors, 0 left on base; Grim 0 - Cape Coral 0
BOTTOM OF THE 4TH
Cape Coral Reefers batting - Pitching for Grim Reapers : RHP Alberto López
Batting: LHB Pedro Guerrero 0-0: Called Strike
0-1: Called Strike
0-2: Foul Ball, location: 2F
0-2: Strikes out swinging
Batting: RHB Tom Camden 0-0: Ball
1-0: Ground out 5-3 (Groundball, 56, EV 102.5 MPH)
Batting: LHB Danny Rodríguez 0-0: Called Strike
0-1: Ball
1-1: Called Strike
1-2: Ball
2-2: Foul Ball, location: 2F
2-2: Foul Ball, location: 2F
2-2: SOLO HOME RUN (Line Drive, 89XD, EV 97.5 MPH), Distance : 368 ft
Batting: RHB Dima Tabakaev 0-0: Called Strike
0-1: Foul Ball, location: 2F
0-2: Ball
1-2: Strikes out swinging
Bottom of the 4th over - 1 run, 1 hit, 0 errors, 0 left on base; Grim 0 - Cape Coral 1
TOP OF THE 5TH
Grim Reapers batting - Pitching for Cape Coral Reefers : RHP Ken Richmond
Batting: LHB Lonnie Baker 0-0: Swinging Strike
0-1: Swinging Strike
0-2: Ball
1-2: Strikes out swinging
Batting: SHB Tekkan Hayagawa 0-0: Fly out, F8 (Flyball, 8RD, EV 94.4 MPH)
Batting: RHB Alfred Coleman 0-0: Called Strike
0-1: Called Strike
0-2: Ball
1-2: Strikes out swinging
Top of the 5th over - 0 runs, 0 hits, 0 errors, 0 left on base; Grim 0 - Cape Coral 1
BOTTOM OF THE 5TH
Cape Coral Reefers batting - Pitching for Grim Reapers : RHP Alberto López
Batting: RHB Axel Ruschmeyer 0-0: Called Strike
0-1: Ball
1-1: Called Strike
1-2: Foul Ball, location: 2F
1-2: Foul Ball, location: 2F
1-2: Foul Ball, location: 2F
1-2: Ball
2-2: Ball
3-2: Foul Ball, location: 2F
3-2: Base on Balls
Batting: RHB Woong Byeon 0-0: Foul Ball, location: 2F
0-1: Ball
1-1: DOUBLE (Line Drive, 7LM, EV 104.4 MPH)
Axel Ruschmeyer to third
Batting: LHB Fernando Negrete 0-0: Ball
1-0: SINGLE (Groundball, 56D, EV 94.4 MPH)
Axel Ruschmeyer scores
Woong Byeon to third
Batting: RHB Dave Hill 0-0: Ball
1-0: Ball
2-0: Called Strike
2-1: Ball
3-1: Base on Balls
Fernando Negrete to second
Batting: LHB Pat Carter 0-0: Called Strike
0-1: Ball
1-1: Ball
2-1: Ball
3-1: Foul Ball, location: 2F
3-2: Strikes out swinging
Batting: LHB Pedro Guerrero 0-0: Called Strike
0-1: Ball
1-1: Ball
2-1: Fly out, F9 (Flyball, 9D, EV 87.5 MPH)
Runner from 3rd tags up, SCORES, no throw by RF
Fernando Negrete to third
Batting: RHB Tom Camden 0-0: Foul Ball, location: 2F
0-1: Ball
1-1: Ball
2-1: Ball
3-1: Called Strike
3-2: Fly out, F9 (Flyball, 9LM, EV 72.5 MPH)
Bottom of the 5th over - 2 runs, 2 hits, 0 errors, 2 left on base; Grim 0 - Cape Coral 3
TOP OF THE 6TH
Grim Reapers batting - Pitching for Cape Coral Reefers : RHP Ken Richmond
Batting: RHB Adrián Sánchez 0-0: Ball
1-0: Ball
2-0: Foul Ball, location: 2F
2-1: Reached on error, E6 (Groundball, 6S, EV 80.6 MPH)
Batting: RHB Cristo Mercado 0-0: Ball
1-0: Called Strike
1-1: Foul Ball, location: 2F
1-2: Strikes out swinging
Batting: LHB Lorenzo Ortíz 0-0: Called Strike
0-1: Fielders Choice at 2nd, 4-6 (Groundball, 4, EV 80.6 MPH)
Batting: RHB Hayes Rutherford 0-0: Swinging Strike
0-1: Called Strike
0-2: Strikes out swinging
Top of the 6th over - 0 runs, 0 hits, 1 error, 1 left on base; Grim 0 - Cape Coral 3
BOTTOM OF THE 6TH
Cape Coral Reefers batting - Pitching for Grim Reapers : RHP Alberto López
Batting: LHB Danny Rodríguez 0-0: Called Strike
0-1: Ground out 4-3 (Groundball, 4, EV 86.2 MPH)
Pitching: RHP John Weaver
Batting: RHB Dima Tabakaev 0-0: Called Strike
0-1: Ball
1-1: Swinging Strike
1-2: Ball
2-2: Fly out, F4 (Popup, 34D, EV 44.4 MPH)
Batting: RHB Axel Ruschmeyer 0-0: Called Strike
0-1: Ball
1-1: Fly out, F9 (Flyball, 9S, EV 78.8 MPH)
Bottom of the 6th over - 0 runs, 0 hits, 0 errors, 0 left on base; Grim 0 - Cape Coral 3
TOP OF THE 7TH
Grim Reapers batting - Pitching for Cape Coral Reefers : RHP Ken Richmond
Batting: RHB Lonnie Doble 0-0: Foul Ball, location: 2F
0-1: Ball
1-1: Ball
2-1: Ball
3-1: Base on Balls
Batting: SHB Fernando Urby 0-0: Called Strike
0-1: Foul Ball, location: 2F
0-2: Foul Ball, location: 2F
0-2: Ball
1-2: Ball
2-2: Ball
3-2: Strikes out swinging
Lonnie Doble steals 2nd base
Batter strikes out.
Batting: LHB Lonnie Baker 0-0: Swinging Strike
0-1: Ball
1-1: Called Strike
1-2: Ball
2-2: Strikes out looking
Batting: SHB Tekkan Hayagawa 0-0: Ball
1-0: Foul Ball, location: 2F
1-1: Ground out U3 (Groundball, 3, EV 89.4 MPH)
Top of the 7th over - 0 runs, 0 hits, 0 errors, 1 left on base; Grim 0 - Cape Coral 3
BOTTOM OF THE 7TH
Cape Coral Reefers batting - Pitching for Grim Reapers : RHP John Weaver
Batting: RHB Woong Byeon 0-0: Ground out 5-3 (Groundball, 5S, EV 85.0 MPH)
Batting: LHB Fernando Negrete 0-0: Ball
1-0: Called Strike
1-1: Ground out 4-3 (Groundball, 4, EV 81.9 MPH)
Batting: RHB Dave Hill 0-0: Foul Ball, location: 2F
0-1: Foul Ball, location: 2F
0-2: Ball
1-2: Ball
2-2: Strikes out swinging
Bottom of the 7th over - 0 runs, 0 hits, 0 errors, 0 left on base; Grim 0 - Cape Coral 3
TOP OF THE 8TH
Grim Reapers batting - Pitching for Cape Coral Reefers : RHP Ken Richmond
Batting: RHB Alfred Coleman 0-0: Ball
1-0: Ball
2-0: Fly out, F9 (Flyball, 9LDF, EV 105.6 MPH)
Batting: RHB Adrián Sánchez 0-0: Ball
1-0: Ball
2-0: Called Strike
2-1: Ball
3-1: Ground out 1-3 (Groundball, 15S, EV 70.6 MPH)
Batting: RHB Cristo Mercado 0-0: Ball
1-0: Called Strike
1-1: Fly out, F7 (Flyball, 78M, EV 93.1 MPH)
Top of the 8th over - 0 runs, 0 hits, 0 errors, 0 left on base; Grim 0 - Cape Coral 3
BOTTOM OF THE 8TH
Cape Coral Reefers batting - Pitching for Grim Reapers : RHP John Weaver
Batting: LHB Pat Carter 0-0: Ball
1-0: Called Strike
1-1: Ground out 4-3 (Groundball, 4, EV 83.8 MPH)
Batting: LHB Pedro Guerrero 0-0: Ball
1-0: SINGLE (Groundball, 34S, EV 69.4 MPH) (infield hit)
Batting: RHB Tom Camden 0-0: Called Strike
0-1: Ball
Pedro Guerrero steals 2nd base
1-1: Ball
2-1: Ball
3-1: Base on Balls
Batting: LHB Danny Rodríguez 0-0: Ball
1-0: Foul Ball, location: 2F
1-1: Foul Ball, location: 2F
1-2: Foul Ball, location: 2F
1-2: SINGLE (Line Drive, 7S, EV 96.9 MPH)
Pedro Guerrero to third
Tom Camden to second
Batting: RHB Dima Tabakaev 0-0: Called Strike
0-1: Ball
1-1: Swinging Strike
1-2: Strikes out looking
Batting: RHB Axel Ruschmeyer 0-0: Foul Ball, location: 2F
0-1: Ball
Passed Ball!
Pedro Guerrero scores
Tom Camden to third
Danny Rodríguez to second
1-1: Ground out 6-3 (Groundball, 6, EV 87.5 MPH)
Bottom of the 8th over - 1 run, 2 hits, 0 errors, 2 left on base; Grim 0 - Cape Coral 4
TOP OF THE 9TH
Grim Reapers batting - Pitching for Cape Coral Reefers : RHP Ken Richmond
Batting: LHB Lorenzo Ortíz 0-0: Ball
1-0: Swinging Strike
1-1: Ground out 4-3 (Groundball, 4, EV 103.1 MPH)
Batting: RHB Hayes Rutherford 0-0: Ball
1-0: Ball
2-0: Foul Ball, location: 2F
2-1: Foul Ball, location: 2F
2-2: Foul Ball, location: 2F
2-2: Foul Ball, location: 2F
2-2: Strikes out swinging
Batting: RHB Lonnie Doble 0-0: Foul Ball, location: 2F
0-1: Ball
1-1: Ball
2-1: Ball
3-1: Base on Balls
Batting: SHB Fernando Urby 0-0: Foul Ball, location: 2F
0-1: Foul Ball, location: 2F
0-2: Ball
1-2: Foul Ball, location: 2F
1-2: Ball
2-2: Reached on error, E1 (Groundball, 34S, EV 91.9 MPH)
Lonnie Doble to third
Batting: LHB Lonnie Baker 0-0: Called Strike
0-1: Swinging Strike
0-2: Strikes out swinging
Top of the 9th over - 0 runs, 0 hits, 1 error, 2 left on base; Grim 0 - Cape Coral 4
Friday, April 17th, 2020 - OOTP Baseball 20.8 Build 74